AoeStats
← momoney9964

Black Forest

509988471Analyzed
4v4 RM · 4d ago on Sep 28, 2026· 33m 23s· 8 players
Game mode
Random Map
Map size
Large (8 player)
Population
200
Speed
Normal
Resources
Standard
Victory
Conquest
Starting age
Dark Age
Ending age
Imperial Age
RankedLock teamsTeams togetherTeam positionsShared explorationLock speedFull tech treeHidden civsTurbo modeCheats
Victory
Defeat
🇺🇸 Danes · United States
800
+14
🇬🇧 Bengalis · United Kingdom
734
+17
🇺🇸 Britons · United States
721
+17
🇵🇪 Romans · Peru
715
+17
🇺🇸 Bulgarians · United States
832
-20
🇦🇷 Persians · Argentina
811
-19
🇲🇽 Mongols · Mexico
678
-14
🇦🇷 Italians · Argentina
667
-13
CaptSquigglyP_IV
4:10 Loom
11:28 Feudal Age
18:35 Castle Age
17:12 Double-Bit Axe
22:20 Bow Saw
23:20 Horse Collar
27:52 Heavy Plow
28:32 Wheelbarrow
27:57 Gold Mining
33:26 Imperial Age
31:44 Ballistics
31:26 Fletching
33:05 Town Watch
33:39 Hand Cart
momoney9964
2:03 Loom
13:43 Feudal Age
14:11 Double-Bit Axe
15:52 Wheelbarrow
19:18 Stone Mining
21:55 Castle Age
29:34 Hand Cart
31:12 Fletching
31:22 Padded Archer Armor
33:28 Bodkin Arrow
33:49 Leather Archer Armor
33:37 Gold Mining
P Diddy oil
1:25 Loom
12:28 Feudal Age
22:17 Castle Age
GEDIAN
0:42 Loom
15:02 Feudal Age
15:45 Horse Collar
17:48 Fletching
18:41 Scale Barding Armor
20:38 Forging
26:17 Castle Age
24:21 Scale Mail Armor
27:03 Bloodlines
27:29 Heavy Plow
28:11 Chain Barding Armor
27:42 Double-Bit Axe
29:41 Wheelbarrow
29:48 Husbandry
30:49 Bodkin Arrow
32:47 Hand Cart
32:37 Gold Mining
33:45 Bow Saw
Booger Flicker X
TWT
2:05 Loom
12:31 Feudal Age
14:12 Wheelbarrow
13:33 Double-Bit Axe
13:36 Horse Collar
18:27 Castle Age
0800goon
0:40 Loom
16:48 Feudal Age
PENDULO7
0:36 Loom
15:50 Feudal Age
Connection lost

Rejoining the realm…

Still unreachable

The connection could not be restored.

Session expired

The server has moved on; the page needs a fresh start.